 Dungeon Crawl Stone Soup version 0.29-a0-911-g88e6f02907 (webtiles) character file.

Game seed: 2883854456310613539

160 zeratav the Stinger (level 5, -4/31 HPs)
             Began as an Octopode Venom Mage on July 25, 2022.
             Slain by an orc priest
             ... wielding a +0 hand axe
              (6 damage)
             ... on level 4 of the Dungeon.
             The game lasted 00:04:37 (3808 turns).

zeratav the Stinger (Octopode Venom Mage)           Turns: 3808, Time: 00:04:38

Health: -4/31      AC:  1    Str:  7    XL:     5   Next: 41%
Magic:  4/8        EV: 13    Int: 20    God:
Gold:   153        SH:  0    Dex: 12    Spells: 5/8 levels left

rFire   + . .      SeeInvis .   l - +2 dagger (speed) {short}
rCold   . . .      Faith    .   (no shield)
rNeg    . . .      Spirit   .   (helmet restricted)
rPois   .          Reflect  .   (no amulet)
rElec   .          Harm     .   g - ring of protection from fire
rCorr   .          Rampage  .   (no ring)
Will    .....                   (no ring)
Stlth   ++++......              (no ring)
HPRegen 0.10/turn               (no ring)
MPRegen 0.11/turn               (no ring)
                                (no ring)
                                (no ring)

@: no status effects
A: almost no armour, amphibious, 8 rings, camouflage 1, gelatinous body 1,
(nimble swimmer 1), tentacles
a: no special abilities


You were on level 4 of the Dungeon.
You visited 1 branch of the dungeon, and saw 4 of its levels.

You collected 153 gold pieces.


Innate Abilities, Weirdness & Mutations

You cannot wear most types of armour.
You are amphibious.
You can wear up to eight rings at the same time.
Your skin changes colour to match your surroundings (Stealth+).
Your rubbery body absorbs attacks. (AC +1, EV +1)
((You are camouflaged when in or above water. (Stealth+)))
You have tentacles for arms and can constrict up to eight enemies at once.


   Skills:
 - Level 2.0 Dodging
 - Level 5.0 Stealth
 - Level 2.0 Spellcasting
 - Level 1.0 Transmutations
 + Level 6.2 Poison Magic


You had 5 spell levels left.
You knew the following spells:

 Your Spells              Type           Power      Damage    Failure   Level
a - Sting                 Tmut/Pois      64%        1d6       3%          1
b - Poisonous Vapours     Pois/Air       28%        N/A       7%          2

Your spell library contained the following spells:

 Spells                   Type           Power      Damage    Failure   Level
 Spider Form              Tmut/Pois      16%        N/A       11%         3
 Olgreb's Toxic Radiance  Pois           26%        N/A       12%         4
 Freeze                   Ice            8%         1d3       16%         1
 Slow                     Hex            8%         N/A       16%         1
 Mephitic Cloud           Conj/Pois/Air  10%        N/A       21%         3
 Ensorcelled Hibernation  Hex/Ice        4%         N/A       24%         2
 Confusing Touch          Hex            2%         N/A       43%         3
 Frozen Ramparts          Ice            4%         1d2       43%         3
 Vampiric Draining        Necr           2%         2d6       43%         3
 Anguish                  Hex/Necr       1%         N/A       83%         4
 Hailstorm                Conj/Ice       2%         3d3       83%         4

Inventory:

Hand Weapons
 l - a +2 dagger of speed (weapon) {short}
   (You took it off a goblin on level 2 of the Dungeon)
Jewellery
 g - a ring of protection from fire (left tentacle)
   (You found it on level 2 of the Dungeon)
 r - a ring of fire
   (You found it on level 3 of the Dungeon)
Wands
 e - a wand of paralysis (9)
   (You found it on level 2 of the Dungeon)
Scrolls
 d - 4 scrolls of identify {unknown}
 f - a scroll of enchant weapon {unknown}
 i - 3 scrolls of vulnerability {unknown}
 j - a scroll of fog {unknown}
 m - a scroll of magic mapping {unknown}
 o - a scroll of brand weapon {unknown}
 p - a scroll of fear {unknown}
 q - 3 scrolls of noise {unknown}
 t - a scroll of teleportation {unknown}
Potions
 a - a potion of magic
 b - a potion of invisibility

Dungeon Overview and Level Annotations

Branches:
Dungeon (4/15) Zot: 20225
 Temple: D:4-7

Altars:
Gozag

Annotations:
D:2 Sigmund
D:3 Ijyb

#.#.......#....
#...........#..
..............
#.$..........
#..........# .
.....^.....##...
........[.......
.......o........
......)@#.......
.?.....###......
....... ......
....... .....
...#.## .....
..##. ...# .. ..
#.## ..


You could see an orc priest.


Message History

The orc closely misses you.
You hit the orc but do no damage. You grab the orc.
You constrict the orc, but do no damage.
The orc hits you with a +0 club. The orc barely misses you.
The orc hits you with a +0 dagger.
HP[-8]
You take 8 damage, and now have 23/31 hp.
MASSIVE DAMAGE!! (PAUSE)
You hit the orc. You squeeze the orc.
You kill the orc!
The orc priest looks satisfied for a moment.
There is a stone staircase leading up here.
You climb upwards.
Level annotation: Ijyb
There is a stone staircase leading down here.
You hit the orc. You grab the orc. You squeeze the orc.
You kill the orc!
The orc misses you.
You puncture the orc!
You kill the orc!
No target in view!
No target in view!
No target in view!
No target in view!
No target in view!
No target in view!
No target in view!
No target in view!
No target in view!
No target in view!
No target in view!
No target in view!
Your extra speed is starting to run out.
You feel yourself slow down.
You feel a little less mighty now.
Partly explored, can't reach some items and places.
HP[+8] MP[+4]
Your hp is fully restored (31).
Your mp is fully restored (8).
Partly explored, can't reach some items and places.
You climb downwards.
The orc priest mumbles some strange prayers to Beogh against you.
Pain shoots through your body!
The orc priest calls down the wrath of Beogh upon you.
Pain shoots through your body!
There is a stone staircase leading up here.
HP[-9]
You take 9 damage, and now have 22/31 hp.
MASSIVE DAMAGE!! (PAUSE)
Casting: Poisonous Vapours (safe; 7% risk of failure)
Confirm with . or Enter, or press ? or * to list all spells.
Aiming: Poisonous Vapours (safe; 7% risk of failure)
Press: ? - help, Dir - move target, f - orc wizard
Aim: an orc wizard, wielding a +0 dagger and wearing a +0 robe Poisonous vapours surround the orc wizard!
The orc wizard is poisoned.
MP[-2]
You lost 2 mp, and now have 6/8 mp.
Casting: Poisonous Vapours (safe; 7% risk of failure)
Confirm with . or Enter, or press ? or * to list all spells.
Aiming: Poisonous Vapours (safe; 7% risk of failure)
Press: ? - help, Dir - move target, f/p - orc wizard
Aim: an orc wizard, wielding a +0 dagger and wearing a +0 robe (lightly wounded, poisoned) Poisonous vapours surround the orc wizard!
The orc wizard looks even sicker.
MP[-2]
You lost 2 mp, and now have 4/8 mp.
You closely miss the orc wizard. Your grab misses the orc wizard.
The orc wizard hits you with a +0 dagger.
The orc priest barely misses you.
HP[-3]
You take 3 damage, and now have 19/31 hp.
You barely miss the orc wizard. Your grab misses the orc wizard.
You hit the orc wizard. You grab the orc wizard.
You constrict the orc wizard, but do no damage.
The orc wizard hits you with a +0 dagger.
The orc priest hits you with a +0 hand axe!
* * * LOW HITPOINT WARNING * * *
HP[-11]
You take 11 damage, and now have 8/31 hp.
MASSIVE DAMAGE!! (PAUSE)
You hit the orc wizard. You constrict the orc wizard.
The orc wizard hits you with a +0 dagger.
* * * LOW HITPOINT WARNING * * *
The orc priest barely misses you.
HP[-4]
You take 4 damage, and now have 4/31 hp.
You hit the orc wizard. You constrict the orc wizard.
You hit the orc wizard but do no damage.
You constrict the orc wizard, but do no damage.
You kill the orc wizard!
The orc priest hits you with a +0 hand axe.
* * * LOW HITPOINT WARNING * * *
Your Poison Magic skill increases to level 6!
HP[-2]
You take 2 damage, and now have 2/31 hp.
You hit the orc priest but do no damage.
Your grab misses the orc priest.
You squeeze the orc priest, but do no damage.
The orc priest hits you with a +0 hand axe.
You die...

Skill      XL: |  1  2  3  4  5 |
---------------+----------------+-----
Stealth        | 3 4 5 |  5.0
Poison Magic   | 4 5 6 |  6.2
Dodging        | |  2.0
Spellcasting   | |  2.0
Transmutations | |  1.0

Action                   |  1- 3 |  4- 6 || total
-------------------------+-------+-------++-------
Melee: Unarmed           |     3 |       ||     3
       Dagger            |    46 |    69 ||   115
       Constrict         |    10 |    17 ||    27
       Tentacles         |     7 |    11 ||    18
 Cast: Sting             |    21 |     1 ||    22
       Poisonous Vapours |     1 |     7 ||     8
  Use: Potion            |       |     7 ||     7
 Stab: Sleeping          |    15 |     5 ||    20
Armor: Skin              |     4 |     5 ||     9
Dodge: Dodged            |    24 |    30 ||    54

Levels and vault maps discovered:
D:1:      psy_arrival_whirlpool, layout_loops_ring
D:2:      layout_loops_cross, shapermc_ecumenical_altar_mp_vishouse,
          uniq_crazy_yiuf_cottage, uniq_sigmund, uniq_robin
D:3:      layout_rooms, general_overflow_altar, uniq_ijyb
D:4:      minmay_angry_zag, layout_cave_pools, nicolae_qazlal_scattered_showers,
          temple_pool_b, nrook_campfire, uniq_natasha

Notes
Turn   | Place    | Note
-------+----------+-------------------------------------------
     0 | D:1      | zeratav the Octopode Venom Mage began the quest for the
                  | Orb.
     0 | D:1      | Reached XP level 1. HP: 11/11 MP: 3/3
     0 | D:1      | magus.rc [v1.9.6]
    70 | D:1      | Reached skill level 3 in Stealth
   193 | D:1      | Reached XP level 2. HP: 17/17 MP: 5/5
   245 | D:1      | Reached skill level 4 in Poison Magic
   310 | D:1      | HP: 4/17 [frozen (1)]
   643 | D:1      | Reached XP level 3. HP: 21/21 MP: 6/6
   671 | D:1      | Reached skill level 4 in Stealth
   674 | D:1      | You pick up a book of Dreams and begin reading...
   674 | D:1      | You add the spells Ensorcelled Hibernation, Spider Form and
                  | Anguish to your library.
  1123 | D:2      | Noticed Sigmund
  1324 | D:2      | Learned a level 2 spell: Poisonous Vapours
  1607 | D:2      | HP: 4/21 [goblin/sling bullet (4)]
  1609 | D:2      | Reached XP level 4. HP: 5/27 MP: 4/7
  2060 | D:2      | Found a faded altar of an unknown god.
  2107 | D:2      | Noticed Robin
  2127 | D:2      | Killed Robin
  2128 | D:2      | Reached skill level 5 in Poison Magic
  2287 | D:2      | Reached skill level 5 in Stealth
  2450 | D:2      | You pick up a book of Frost and begin reading...
  2450 | D:2      | You add the spells Freeze, Frozen Ramparts and Hailstorm to
                  | your library.
  3090 | D:3      | Reached XP level 5. HP: 31/31 MP: 8/8
  3253 | D:3      | Noticed Ijyb
  3274 | D:3      | You pick up a book of Debilitation and begin reading...
  3274 | D:3      | You add the spells Slow, Vampiric Draining and Confusing
                  | Touch to your library.
  3400 | D:3      | Found an opulent altar of Gozag.
  3805 | D:4      | HP: 4/31 [orc wizard/+0 dagger (4)]
  3808 | D:4      | Reached skill level 6 in Poison Magic
  3808 | D:4      | Slain by an orc priest

Vanquished Creatures
  An orc wizard (D:4)
  Robin (D:2)
  4 adders
  2 worms (D:2)
  A dart slug (D:1)
  3 orcs
  3 bats (D:3)
  7 endoplasms
  3 giant cockroaches
  16 goblins
  6 hobgoblins
  2 jackals (D:1)
  3 kobolds
  3 quokkas
  7 ball pythons
  3 frilled lizards
  4 rats
69 creatures vanquished.

Table legend:
 A = Non-vault XP
 B = Vault XP
 C = Vault XP percentage of total XP
 D = Non-vault monster count
 E = Vault monster count
 F = Vault count percentage of total count
                 A         B        C        D         E       F
            +---------+---------+-------+---------+---------+-------
      Total |     192 |      37 |  16.2 |      57 |      12 |  17.4
            +---------+---------+-------+---------+---------+-------
        D:1 |      49 |       0 |   0.0 |      26 |       0 |   0.0
        D:2 |      42 |      37 |  46.8 |      13 |      12 |  48.0
        D:3 |      63 |       0 |   0.0 |      16 |       0 |   0.0
        D:4 |      38 |       0 |   0.0 |       2 |       0 |   0.0
            +---------+---------+-------+---------+---------+-------

Illustrated notes

Table legend:
 A = Kills in this place as a percentage of kills in entire the game.
 B = Kills by you in this place as a percentage of kills by you in the entire game.
 C = Kills by friends in this place as a percentage of kills by friends in the entire game.
 D = Other kills in this place as a percentage of other kills in the entire game.
 E = Experience gained in this place as a percentage of experience gained in the entire game.
 F = Experience gained in this place divided by the number of levels of this place that you have seen.
                   A       B       C       D       E      F
               +-------+-------+-------+-------+-------+----------------------
         Total | 100.0 | 100.0 |   N/A |   N/A | 100.0 |  57.2
       Dungeon | 100.0 | 100.0 |   N/A |   N/A | 100.0 |  57.2
               +-------+-------+-------+-------+-------+----------------------

Table legend: (Time is in decaauts)
 A = Elapsed time spent in this place.
 B = Non-inter-level travel time spent in this place.
 C = Inter-level travel time spent in this place.
 D = Time resting spent in this place.
 E = Time spent auto-exploring this place.
 F = Levels seen in this place.
 G = Mean time per level.
                   A        B        C        D        E       F      G
               +--------+--------+--------+--------+--------+-----+--------+
         Total |   3774 |   3730 |     44 |    352 |   2935 |   4 |  943.5 |
       Dungeon |   3774 |   3730 |     44 |    352 |   2935 |   4 |  943.5 |
               +--------+--------+--------+--------+--------+-----+--------+

Top non-repeatable levels by time:
     D:2: 1643 daAuts
     D:1: 1186 daAuts
     D:3: 929 daAuts
     D:4: 15 daAuts
